cohdb
Replays
Latest Replays
All Replays
Popular Replays
Top Player Replays
Match Explorer
How It Works
Community
CoH3 Stats
Reddit
Sign in to upload your games and track your stats! →
Sign in with Steam
Match 40777677
Unlisted
Match 40777677
Overview
Messages
Build Orders
End
Construct Section Command Post
Vickers Machine Gun Team
Dingo Light Scout Car
Dingo Light Scout Car
Royal Engineer Section
Construct Platoon Command Post
Selects Canadian Shock Battlegroup
Selects Offensive Resupply
Selects Canadian Shock Section
Canadian Shock Section
Construct Field Infirmary
Selects Incendiary Munitions
Canadian Shock Section
Construct Company Command Post
Selects Pyrotechnics
Steven Stone
dad81ace
CPU - VERY EASY
Stallone da rimorchio italiano
Jesus
Stabvil
0
0
Comments
sign in to comment!
No comments posted yet!